 Dungeon Crawl Stone Soup version 0.27.0-1-g7a089689b8 (webtiles) character file.

Game seed: 10338064732314764922

1151 Strat the Digger (level 8, -8/59 (60) HPs)
             Began as a Barachi Earth Elementalist on Aug 5, 2021.
             Was an Initiate of Ashenzari.
             Killed from afar by an efreet (26 damage)
             ... with a fireball
             ... on level 1 of the Abyss on Aug 6, 2021.
             The game lasted 00:22:09 (6428 turns).

Strat the Digger (Barachi Earth Elementalist)       Turns: 6428, Time: 00:22:09

HP:   -8/59 (60)    AC:  5    Str: 11    XL:     8   Next: 38%
MP:   13/13         EV: 11    Int: 17    God:    Ashenzari [......]
Gold: 182           SH:  0    Dex: 12    Spells: 7/14 levels left

rFire    . . .     SeeInvis .   a - +1 falchion (elec)
rCold    . . .     Faith    .   (no shield)
rNeg     . . .     Spirit   .   t - +0 leather armour
rPois    .         Reflect  .   r - +1 hat
rElec    .         Harm     .   e - +0 cloak
rCorr    .         Rampage  .   (no gloves)
Will     .....                  (no boots)
Stlth    ++........             (no amulet)
HPRegen  0.19/turn              (no ring)
MPRegen  0.13/turn              (no ring)

@: lightly drained, slow
A: amphibious, slowness 1, strong legs 1, +LOS
a: Hop, Renounce Religion, Curse Item


You were on level 1 of the Abyss.
You worshipped Ashenzari.
Ashenzari was noncommittal.
You visited 1 branch of the dungeon, and saw 6 of its levels.
You visited the Abyss 1 time.

You collected 182 gold pieces.

Inventory:

Hand Weapons
 a - a +1 falchion of electrocution (weapon)
 b - a +0 hunting sling
 m - a +0 short sword
 p - a +0 vorpal flail
 u - a +0 scimitar
Missiles
 c - 52 stones
 w - 26 sling bullets
Armour
 e - a +0 cloak (worn)
 g - a +0 ring mail
 k - a +0 robe
 n - a +0 ring mail
 r - a +1 hat (worn)
 t - a +0 leather armour (worn)
 v - the +9 ring mail of the Turtledove {rPois Will+ Int-3}
   (You found it on level 4 of the Dungeon)

   Int:       It affects your intelligence (-3).
   rPois:     It protects you from poison.
   Will:      It increases your willpower.
Jewellery
 d - a ring of ice
Wands
 x - a wand of flame (14)
Scrolls
 i - 3 scrolls of noise
 j - a scroll of identify
 o - a scroll of magic mapping
 q - a scroll of holy word
 s - a scroll of summoning
 y - a scroll of blinking
Potions
 f - a potion of curing
 l - a potion of brilliance
 z - a potion of berserk rage


   Skills:
 - Level 4.0 Fighting
 - Level 3.0 Armour
 - Level 2.1 Dodging
 - Level 1.7 Stealth
 + Level 3.6 Spellcasting
 - Level 4.0 Conjurations
 - Level 1.1 Transmutations
 + Level 7.6 Earth Magic


You had 7 spell levels left.
You knew the following spells:

 Your Spells              Type           Power      Damage    Failure   Level
a - Sandblast             Erth           58%        2d13      1%          1
b - Stone Arrow           Conj/Erth      46%        3d9       5%          3
c - Animate Skeleton      Necr           6%         N/A       21%         1
d - Passwall              Tmut/Erth      15%        N/A       5%          2

Your spell library contained the following spells:

 Spells                   Type           Power      Damage    Failure   Level
 Pain                     Necr           12%        1d4       21%         1
 Petrify                  Tmut/Erth      18%        N/A       34%         4
 Leda's Liquefaction      Hex/Erth       8%         N/A       38%         4
 Confusing Touch          Hex            3%         N/A       52%         3
 Ozocubu's Armour         Ice            3%         N/A       52%         3
 Vampiric Draining        Necr           1%         2d6       52%         3
 Metabolic Englaciation   Hex/Ice        1%         N/A       99%         5
 Silence                  Hex/Air        1%         N/A       99%         5
 Simulacrum               Ice/Necr       1%         N/A       100%        6
 Discord                  Hex            1%         N/A       100%        8


Dungeon Overview and Level Annotations

Branches:
Dungeon (6/15)
 Temple: D:4-7

Altars:
Ashenzari

Shops:
D:6 ?


Innate Abilities, Weirdness & Mutations

You are amphibious.
You cover ground slowly.
You can hop short distances.
You have an extended range of vision and can be seen from far away.


Message History

You start resting.
An orc is nearby!
You hit the orc.
The orc is moderately wounded.
The orc barely misses you.
You riposte.
You closely miss the orc.
The orc is moderately wounded.
The orc misses you.
You riposte.
You hit the orc but do no damage.
The orc is moderately wounded.
You closely miss the orc.
The orc is moderately wounded.
The orc hits you but does no damage. Space bends around you.
You barely miss the orc.
The orc is moderately wounded.
The orc hits you but does no damage.
You are cast into the Abyss!
To return, you must find a gate leading back.
Killing monsters will force the Abyss to allow you passage.
This branch contains the abyssal rune of Zot.
Found 15 gold pieces.
Found a potion of curing.
You now have 182 gold pieces (gained 15).
f - a potion of curing Ashenzari invites you to partake of a vision and a curse of beguiling and fortitude.
An efreet comes into view.
It is wielding a +0 scimitar of flaming.
The efreet gestures at you.
The fireball explodes!
The fireball engulfs you!!
Ouch! That really hurt!
* * * LOW HITPOINT WARNING * * *
The efreet gestures at you. The bolt of fire misses you.
Found 22 gold pieces.
Found a gateway leading deeper into the Abyss.
You see here 22 gold pieces.
The efreet gestures at you.
The fireball explodes!
The fireball engulfs you!
* * * LOW HITPOINT WARNING * * *
There is a gateway leading deeper into the Abyss here.
The efreet gestures at you.
The fireball explodes!
The fireball engulfs you!!
You die...

. ## . #.# ####
#####.# #§.#
##..## ....# ...#
##..#°..#.# #..
#...☼#☼ .#
#..##$#○##R..#
#..@..R#.#☼###
#...###.###°#.#.#
#.##. ####..°○..
.. #. #..#.#R. #
.. .. # .# # .#
#.# . ..
###......#. # ..#
###....####R○.#
## #...#.. . .#
##...#. . . ..#


You could see an efreet.

Vanquished Creatures
  An ice beast (D:5)
  A necrophage (D:5)
  3 ogres
  A phantom (D:5)
  A scorpion (D:6)
  A howler monkey (D:4)
  3 wights
  A hound (D:5)
  An orc priest (D:6)
  Crazy Yiuf (D:5)
  3 iguanas
  Ijyb (D:5)
  An orc wizard (D:4)
  A hound zombie (D:5)
  A hound skeleton (D:4)
  4 gnolls
  7 adders
  A shadow imp (D:5)
  A white imp (D:4)
  An ufetubus (D:5)
  A worm (D:2)
  3 dart slugs
  2 orcs
  5 endoplasms
  2 giant cockroaches
  A hobgoblin (D:2)
  11 jackals
  10 kobolds
  7 quokkas
  6 ball pythons
  3 bats
  A frilled lizard (D:1)
  5 goblins
  2 rats (D:2)
94 creatures vanquished.

Vanquished Creatures (others)
  An endoplasm (D:4)
  11 fungi (D:4)
  10 plants
22 creatures vanquished.

Grand Total: 116 creatures vanquished

Notes
Turn   | Place    | Note
-------+----------+-------------------------------------------
     0 | D:1      | Strat the Barachi Earth Elementalist began the quest for
                  | the Orb.
     0 | D:1      | Reached XP level 1. HP: 13/13 MP: 3/3
   297 | D:1      | Reached XP level 2. HP: 19/19 MP: 3/5
   720 | D:2      | Reached skill level 4 in Earth Magic
   879 | D:2      | Reached XP level 3. HP: 24/24 MP: 1/6
  1252 | D:2      | Found a broken altar of Ashenzari.
  1414 | D:2      | Became a worshipper of Ashenzari the Shackled
  1439 | D:2      | Learned a level 3 spell: Stone Arrow
  1441 | D:2      | Learned a level 1 spell: Animate Skeleton
  2006 | D:3      | Reached XP level 4. HP: 30/30 MP: 5/7
  2207 | D:3      | Reached skill level 5 in Earth Magic
  2361 | D:3      | Reached skill level 1 in Fighting
  2725 | D:3      | Reached XP level 5. HP: 37/37 MP: 2/8
  2987 | D:4      | Reached skill level 1 in Conjurations
  3172 | D:4      | Identified the +9 ring mail of the Turtledove {rPois Will+
                  | Int-3}
  3278 | D:4      | Noticed an ogre
  3633 | D:4      | Reached XP level 6. HP: 44/44 MP: 6/9
  3752 | D:5      | Entered Level 5 of the Dungeon
  3791 | D:5      | Reached skill level 6 in Earth Magic
  3920 | D:5      | Identified the Catalogue of Curses
  3984 | D:5      | Noticed Ijyb
  3998 | D:5      | Killed Ijyb
  4179 | D:5      | Noticed a necrophage
  4189 | D:5      | Killed a necrophage
  4190 | D:5      | Reached skill level 1 in Armour
  4190 | D:5      | Reached XP level 7. HP: 51/51 MP: 7/10
  4256 | D:5      | Learned a level 2 spell: Passwall
  4510 | D:5      | Found a runed translucent door.
  4511 | D:5      | Noticed Crazy Yiuf
  4614 | D:5      | Killed Crazy Yiuf
  4681 | D:6      | Found Madoap's Magic Scroll Boutique.
  5765 | D:4      | Reached skill level 7 in Earth Magic
  5765 | D:4      | Reached XP level 8. HP: 57/60 MP: 7/11
  6376 | D:5      | Cast into level 1 of the Abyss (orc)
  6413 | Abyss:1  | Noticed an efreet
  6428 | Abyss:1  | Killed from afar by an efreet

Illustrated notes

Levels and vault maps discovered:
D:1:      psy_arrival_dodecagon, layout_rooms
D:2:      layout_loops_corners, basic_altar, serial_forest,
          infiniplex_forest_end_1, infiniplex_forest_lined_3,
          infiniplex_forest_corner_1, infiniplex_forest_fountain,
          infiniplex_forest_clump_medium, infiniplex_forest_split,
          infiniplex_forest_straight_2, infiniplex_forest_lined_3_way,
          infiniplex_forest_corner_1, infiniplex_forest_lined_corner,
          minmay_small_reverse_x
D:3:      layout_loops_ring
D:4:      layout_loops_ring, serial_aquarium, aquarium_bridge_island_large
          [aquarium_subvault_large_water, aquarium_subvault_bridge,
          aquarium_subvault_wall, aquarium_subvault_wall,
          aquarium_subvault_bridge], aquarium_window_1, aquarium_window_1,
          aquarium_view_2b, serial_bayou_pond_b, amethyst_killhole,
          lemuel_old_faithful
D:5:      layout_cave_pools, dk_noncrumbling_4, uniq_crazy_yiuf_cottage,
          uniq_ijyb
D:6:      layout_layer_cave, minmay_temple_entry_wispy, serial_shops,
          shop_scrolls, uniq_blork_the_orc
Abyss:1:  base: D:2, lemuel_flamethrower_3, lemuel_flamethrower_3

Skill      XL: |  1  2  3  4  5  6  7  8 |
---------------+-------------------------+-----
Earth Magic    | 4 5 6 7 |  7.6
Fighting       | 1 2 4 |  4.0
Conjurations   | 2 3 4 |  4.0
Armour         | 1 3 |  3.0
Spellcasting   | 3 |  3.6
Dodging        | |  2.1
Stealth        | |  1.7
Transmutations | |  1.1

Action                   |  1- 3 |  4- 6 |  7- 9 || total
-------------------------+-------+-------+-------++-------
Melee: Short sword       |     1 |     1 |       ||     2
       Scimitar          |       |     5 |       ||     5
       Falchion          |       |     9 |    12 ||    21
 Cast: Sandblast         |    58 |    68 |    56 ||   182
       Stone Arrow       |       |       |     7 ||     7
 Abil: Hop               |     1 |     4 |     5 ||    10
Evoke: Wand              |       |       |     9 ||     9
  Use: Potion            |       |       |     3 ||     3
Armor: Robe              |     5 |     4 |       ||     9
       Leather armour    |       |     5 |    10 ||    15
Dodge: Dodged            |    21 |    25 |    21 ||    67
       Rpst.: Scimitar   |       |     2 |       ||     2
       Falchion          |       |     5 |     8 ||    13
